Unix NetHack Version 3.7.0-102 Work-in-progress - last build Apr 6 2024 13:22:21 (d302a6a9ff6341f1a922d8f5af178406b35fdf99,branch:master). Game began 2024-04-30 16:34:20, ended 2024-04-30 16:49:11. farfar, chaotic male elven Ranger --------------- +###############0#|..............| #0# ###-.---- ###................ |BB...## #|..............| |@...| # # ---------------# |....| ################################ |...>| ## ####0 ------- --|-.- #### # |.....| ### #### -+------- ## |.....| * ####|.......| #0##.....<| # #|.......| |.....| #.........## |.....| |.......| #####......| |.......| ------- --------- Farfar the Lookout St:17 Dx:9 Co:14 In:14 Wi:13 Ch:9 Chaotic S:484 Dlvl:3 $:134 HP:0(19) Pw:10(10) AC:7 Xp:3/50 T:1208 Burdened Latest messages: You have a little trouble lifting w - a sling. x - a hooded cloak. y - an elven mithril-coat. Your movements are slowed slightly because of your load. You swap places with Sirius. Sirius eats a hobbit corpse. You see here an empty broken large box. You put a bow into the large box. You put a crossbow into the large box. You put a crude dagger into the large box. You put a hooded cloak into the large box. You put a spellbook of detect food into the large box. In what direction? You see here a +0 elven arrow. You have a little trouble lifting d - a +0 elven arrow (in quiver) (18 in total). You swap places with Sirius. You begin bashing monsters with your elven bow. You miss the bat. The bat misses! The bat bites! You hear a gurgling noise. Sirius misses the bat. The bat bites! Sirius misses the bat. The bat bites! Sirius misses the bat. You hear some noises. You stop. Sirius is in the way! You swap places with Sirius. In what direction? The elven arrow misses the bat. You miss the acid blob. You swap places with Sirius. You hear some noises in the distance. You swap places with Sirius. You see here a +0 elven arrow. The bat misses! You have a little trouble lifting d - a +0 elven arrow (in quiver) (18 in total). The bat misses! The bat bites! The bat bites! The bat bites! You swap places with Sirius. You hear some noises in the distance. The bat bites! The bat bites! The bat bites! You die... Do you want your possessions identified? [ynq] (y) Do you want to see your attributes? [ynq] (y) Inventory: Coins $ - 134 gold pieces Weapons k - 10 +1 arrows c - 58 +2 elven arrows d - 18 +0 elven arrows (in quiver) b - a +1 elven bow (weapon in right hand) w - a cursed -1 sling m - 2 +0 daggers s - a cursed -1 dagger Armor e - an uncursed +2 elven cloak (being worn) n - an uncursed +0 crystal plate mail y - an uncursed +0 elven mithril-coat Comestibles g - an uncursed food ration f - 5 uncursed lembas wafers h - an uncursed egg Scrolls q - an uncursed scroll of scare monster r - an uncursed scroll of teleportation Potions i - an uncursed potion of see invisible Gems/Stones v - an uncursed worthless piece of black glass j - an uncursed worthless piece of orange glass Farfar the Ranger's attributes: Background: You were a Lookout, a level 3 male elven Ranger. You were chaotic, nominally on a mission for Mars who was opposed by Mercury (lawful) and Venus (neutral). You were right-handed. You were in the Dungeons of Doom, on level 3. You entered the dungeon 1208 turns ago. You had 50 experience points, 30 more were needed to attain level 4. Your score was 484 before end-of-game adjustments. Basics: You had 0 out of 19 hit points. You had all 10 energy points (spell power). Your armor class was 7. Your wallet contained 134 zorkmids. Autopickup was off. Final Characteristics: Your strength was 17 (limit:18). Your dexterity was 9 (limit:18). Your constitution was 14 (limit:16). Your intelligence was 14 (limit:20). Your wisdom was 13 (limit:20). Your charisma was 9 (limit:18). Final Status: You weren't hungry. You were burdened; movement was slightly slowed. You were wielding a bow. You had basic skill with bow. Final Attributes: You were devoutly aligned. You had automatic searching. You had infravision. You were stealthy. You were warded. You are dead. Miscellaneous: You encountered 1 bones level. Total elapsed playing time was 14 minutes and 50 seconds. Major events: Turn 1: farfar the chaotic male elven Ranger entered the dungeon 602: entered the Gnomish Mines 807: attained the rank of Lookout (level 3) 1208: killed by a bat Vanquished creatures: a gas spore a hobbit a giant rat a yellow mold a jackal a kobold 2 goblins 2 sewer rats a grid bug 2 lichens 3 kobold zombies 6 newts 22 creatures vanquished. No species were genocided or became extinct. Voluntary challenges: You were an atheist. You read items or engraved 1 time. You never engraved Elbereth. You never genocided any monsters. You never polymorphed an object. You never changed form. You used no wishes. Achievements: You entered the Gnomish Mines. You attained the rank of Lookout. The Dungeons of Doom: levels 1 to 4 Level 1: A fountain. Level 2: Stairs down to The Gnomish Mines. Level 3: <- You were here. Final resting place for you, killed by a bat. Level 4: Final resting place for hanran24-Val-Hum-Mal-Cha, killed by a small mimic, hanran24-Arc-Hum-Mal-Neu, killed by a giant bat. The Gnomish Mines: Level 3: Game over: ---------- / \ / REST \ / IN \ / PEACE \ / \ | farfar | | 134 Au | | killed by a bat | | | | | | | | 2024 | *| * * * | * _________)/\\_//(\/(/\)/\//\/|_)_______ Goodbye farfar the Ranger... You died in The Dungeons of Doom on dungeon level 3 with 471 points, and 134 pieces of gold, after 1208 moves. You were level 3 with a maximum of 19 hit points when you died.